 Dungeon Crawl Stone Soup version 0.28.0-1-gb440e238dd (webtiles) character file.

Game seed: 15984937827006166066

2206 fknight the Twirler (level 9, -9/78 HPs)
             Began as a Hill Orc Monk on Feb 21, 2022.
             Was an Elder of Beogh.
             Mangled by Harold (12 damage)
             ... on level 7 of the Dungeon.
             The game lasted 00:42:26 (8026 turns).

fknight the Twirler (Hill Orc Monk)                 Turns: 8026, Time: 00:42:27

Health: -9/78      AC: 13    Str: 23    XL:     9   Next: 34%
Magic:  9/9        EV: 17    Int: 10    God:    Beogh [****..]
Gold:   476        SH:  0    Dex: 10    Spells: 8/8 levels left

rFire   . . .      SeeInvis .   f - +5 quarterstaff (chaos)
rCold   . . .      Faith    .   (shield currently unavailable)
rNeg    . . .      Spirit   .   c - +0 chain mail
rPois   +          Reflect  .   j - +0 helmet
rElec   .          Harm     .   l - +0 cloak
rCorr   .          Rampage  .   (no gloves)
Will    .....                   A - +0 pair of boots
Stlth   ..........              (no amulet)
HPRegen 0.23/turn               L - +4 ring of evasion
MPRegen 0.11/turn               w - ring "Mankoudo" {+Blink rPois EV+4 Str+5 Dex-3}

@: mighty, hasted, very quick
A: no striking features
a: Renounce Religion, Evoke Blink, Smiting, Recall Orcish Followers


You were on level 7 of the Dungeon.
You worshipped Beogh.
Beogh was greatly pleased with you.
You visited 1 branch of the dungeon, and saw 7 of its levels.
You also visited: Ossuary.

You collected 476 gold pieces.

Inventory:

Hand Weapons
 a - a +1 hand axe
 e - a +1 vorpal spear
 f - a +5 quarterstaff of chaos (weapon)
 i - a +0 spear
 k - a +0 rapier
 m - a +0 hunting sling
 t - a +0 shortbow
 C - a +0 hunting sling
 E - a +0 halberd
 H - a +0 trident
Missiles
 g - 168 stones
 h - 2 poisoned darts
 o - 44 sling bullets
 q - 6 boomerangs (quivered)
 v - 55 arrows
Armour
 c - a +0 chain mail (worn)
 j - a +0 helmet (worn)
 l - a +0 cloak (worn)
 s - a +0 robe of resistance
 A - a +0 pair of boots (worn)
 B - a scarf of repulsion
Magical Staves
 r - a staff of air
 G - a staff of air
Jewellery
 d - a +6 ring of dexterity
 p - a ring of resist corrosion
 w - the ring "Mankoudo" (right hand) {+Blink rPois EV+4 Str+5 Dex-3}
   (You found it in an ossuary)

   [ring of evasion]

   EV:        It affects your evasion (+4).
   Str:       It affects your strength (+5).
   Dex:       It affects your dexterity (-3).
   rPois:     It protects you from poison.
   +Blink:    It lets you blink.
 L - a +4 ring of evasion (left hand)
Scrolls
 n - 3 scrolls of identify
 u - 3 scrolls of teleportation
 y - a scroll of magic mapping
 J - a scroll of noise {unknown}
 K - a scroll of fog
 O - a scroll of fear {unknown}
Potions
 b - 4 potions of haste
 x - 2 potions of mutation
 z - 2 potions of heal wounds {unknown}
 D - a potion of flight
 F - a potion of ambrosia {unknown}
 I - a potion of might


   Skills:
 + Level 6.8 Fighting
 + Level 4.5(4.8) Axes
 + Level 1.8(6.0) Polearms
 + Level 6.9(7.0) Staves
 + Level 1.3 Throwing
 + Level 5.8 Armour
 + Level 3.1 Dodging
 + Level 4.0 Stealth
 + Level 0.9 Unarmed Combat


You had 8 spell levels left.
You didn't know any spells.
Your spell library contained the following spells:

 Spells                   Type           Power      Damage    Failure   Level
 Gell's Gravitas          Tloc           0%         N/A       100%        3
 Lesser Beckoning         Tloc           0%         N/A       100%        3
 Teleport Other           Tloc           0%         N/A       100%        3
 Dispersal                Tloc           0%         N/A       100%        6
 Disjunction              Tloc           0%         N/A       100%        8


Dungeon Overview and Level Annotations

Branches:
Dungeon (7/15)            Ossuary (visited)
 Temple: D:4-7

Altars:
Dithmenos
Qazlal
Yredelemnul

Shops:
D:1 [(*

Annotations:
D:7 Harold


Message History

Press: ? - help, Q - select action, (/) - cycle Dir - move target
As you read the scroll of blinking, it crumbles to dust.
The orc hits your orc with a +0 short sword.
You feel better.
Your orc hits the orc with a +0 club. Something hits your orc warrior!
Something hits your orc!
Your orc dies!
Something hits your orc!
Your orc dies!
The orc hits your orc with a +0 short sword.
The orc hits your orc warrior with a +0 short sword.
You feel yourself speed up.
Your orc misses the orc.
Your orc warrior hits the orc with a +0 hand axe!
The orc dies!
Beogh accepts your kill.
Your orc warrior hits something with a +0 hand axe!
Something hits your orc warrior. The orc barely misses your orc.
You feel very mighty all of a sudden.
Your orc hits the orc with a +0 club. The orc misses your orc.
You swap places.
An orc wizard comes into view. It is wielding a +0 dagger.
Your orc hits the orc with a +0 club.
You swap places.
You hear some strange, mumbled words.
A harpoon shot appears from out of thin air!
The harpoon shot hits you.
* * * LOW HITPOINT WARNING * * *
You are yanked forward by the harpoon shot.
The orc barely misses your orc. The orc completely misses you.
You hit something but do no damage. Your orc hits the orc with a +0 club.
Something hits you!
* * * LOW HITPOINT WARNING * * *
Something hits your orc!!
Your orc dies!
The orc shouts!
You hit something. You freeze something.
The orc wizard points at you and mumbles some strange words.
The puff of flame hits you but does no damage.
The orc barely misses you.
You hit something. You burn something. Something hits you!
You die...

... ##... ....
#..# #..# #
#o.#.# ####
##.)#.###...
#){o.......
##@o#####.#
##oo#####.#####.
#.oo....<.......
#...######.####.
##### #


You could see an orc wizard, 2 orcs, a friendly orc warrior, a friendly orc
wizard and 2 friendly orcs.

Vanquished Creatures
  A steam dragon (D:5)
  A sky beast (D:6)
  A black bear (D:4)
  A centaur (D:5)
  A phantom (D:5)
  A wyvern zombie (D:6)
  10 scorpions
  6 centaur zombies (Ossuary)
  An orc priest (D:5)
  3 human zombies (Ossuary)
  A jelly (D:5)
  A bullfrog skeleton (D:5)
  Crazy Yiuf (D:2)
  A hound (D:5)
  An iguana (D:5)
  An orc wizard (D:4)
  9 scorpion zombies (Ossuary)
  A hound zombie (D:5)
  2 hound skeletons (D:4)
  3 mummies (Ossuary)
  6 adders
  A white imp (D:6)
  4 worms
  2 dart slugs
  7 orcs
  3 ball pythons
  6 bats
  6 endoplasms
  A giant cockroach (D:3)
  5 goblins
  11 hobgoblins
  3 kobolds
  5 quokkas
  3 frilled lizards
  A goblin zombie (Ossuary)
  2 hobgoblin zombies (Ossuary)
  2 kobold zombies (Ossuary)
  7 rats
  A spectral orc (D:4)
  2 bushes (D:2)
125 creatures vanquished.

Vanquished Creatures (collateral kills)
  A sky beast (D:5)
  A bullfrog (D:6)
  An orc priest (D:6)
  A bullfrog skeleton (D:6)
  2 adders (D:6)
  An ufetubus (D:6)
  An orc (D:7)
8 creatures vanquished.

Vanquished Creatures (others)
  An iguana (D:4)
  6 orcs
  A quokka (D:4)
  A fungus (D:2)
9 creatures vanquished.

Grand Total: 142 creatures vanquished

Notes
Turn   | Place    | Note
-------+----------+-------------------------------------------
     0 | D:1      | fknight the Hill Orc Monk began the quest for the Orb.
     0 | D:1      | Reached XP level 1. HP: 19/19 MP: 1/1
    36 | D:1      | Found Ecudd's Antique Weapon Shop.
   154 | D:1      | Reached XP level 2. HP: 27/27 MP: 2/2
   332 | D:1      | Found Voekofon's Antique Armour Emporium.
   511 | D:1      | Found Mamuic's Assorted Antiques.
   774 | D:1      | Reached XP level 3. HP: 33/33 MP: 3/3
  2346 | D:2      | Found a runed translucent door.
  2358 | D:2      | Noticed Crazy Yiuf
  2371 | D:2      | Killed Crazy Yiuf
  2372 | D:2      | Reached XP level 4. HP: 18/40 MP: 1/4
  2579 | D:3      | Reached skill level 1 in Polearms
  2734 | D:3      | Found a stormy altar of Qazlal.
  3282 | D:4      | Became a worshipper of Beogh the Brigand
  3282 | D:4      | Reached * piety under Beogh
  3282 | D:4      | Reached ** piety under Beogh
  3325 | D:4      | Found a sand-covered staircase.
  3352 | Ossuary  | Entered an ossuary
  3361 | Ossuary  | Noticed a scorpion
  3372 | Ossuary  | Killed a scorpion
  3373 | Ossuary  | Reached skill level 1 in Armour
  3373 | Ossuary  | Reached XP level 5. HP: 40/46 MP: 5/5
  3379 | Ossuary  | Reached skill level 1 in Staves
  3519 | Ossuary  | Reached XP level 6. HP: 43/53 MP: 6/6
  3752 | Ossuary  | Reached XP level 7. HP: 58/60 MP: 7/7
  3826 | Ossuary  | Reached skill level 5 in Fighting
  4428 | Ossuary  | Reached XP level 8. HP: 58/70 MP: 8/8
  4829 | Ossuary  | Reached skill level 1 in Throwing
  4833 | Ossuary  | Identified the ring "Mankoudo" {+Blink rPois EV+4 Str+5
                  | Dex-3}
  5200 | D:4      | Reached skill level 5 in Staves
  5264 | D:4      | Reached *** piety under Beogh
  5535 | D:4      | Found a basalt altar of Yredelemnul.
  5939 | D:5      | Entered Level 5 of the Dungeon
  6376 | D:5      | Reached skill level 5 in Armour
  6524 | D:5      | You fall into a shaft and drop 1 floor!
  6669 | D:5      | Reached XP level 9. HP: 77/78 MP: 9/9
  7067 | D:5      | Found a shadowy altar of Dithmenos.
  7532 | D:6      | Reached **** piety under Beogh
  8008 | D:7      | Noticed Harold
  8024 | D:7      | HP: 2/78 [something (13)]
  8026 | D:7      | Mangled by Harold

Illustrated notes

Levels and vault maps discovered:
D:1:      tarquinn_simple_flora_water_f, layout_loops_cross, serial_shops,
          nicolae_shop_trees, shop, shop
D:2:      layout_basic, uniq_crazy_yiuf_cottage
D:3:      layout_loops_ring, mainiacjoe_overflow_boulevard, lemuel_flame_loot_1
D:4:      layout_loops_cross, yredelemnul_forgotten_temple_becter,
          nicolae_ossuary_entry_monument, minmay_fractal_squares_gapless_5
D:5:      layout_loops_corners, grunt_dithmenos_shadows
D:6:      layout_rooms
D:7:      layout_loops_ring, minmay_temple_entry_butterflies,
          serial_park_tiny_1, chequers_avenue, hangedman_decor_riveting,
          corexii_item_surrounded_by_moat, st_stairs_9, uniq_harold,
          uniq_menkaure

Skill      XL: |  1  2  3  4  5  6  7  8  9 |
---------------+----------------------------+-----
Fighting       | 4 5 6 |  6.8
Stealth        | 2 3 4 |  4.0
Polearms       | 1 |  1.8
Armour         | 1 2 4 5 |  5.8
Staves         | 2 4 6 |  6.9
Dodging        | 3 |  3.1
Throwing       | 1 |  1.3
Axes           | |  4.5
Unarmed Combat | |  0.9

Action                   |  1- 3 |  4- 6 |  7- 9 || total
-------------------------+-------+-------+-------++-------
Melee: Hand axe          |    21 |       |       ||    21
       Spear             |   381 |       |       ||   381
       Punch             |    11 |       |       ||    11
       Unarmed           |     4 |       |       ||     4
       Quarterstaff      |       |    73 |   261 ||   334
Throw: Stone             |    19 |     3 |     9 ||    31
       Dart              |     5 |       |       ||     5
       Boomerang         |       |       |     4 ||     4
Invok: Convert to Beogh  |       |     1 |       ||     1
  Use: Potion            |     1 |       |     8 ||     9
       Scroll            |       |     1 |    10 ||    11
 Stab: Confused          |     2 |     3 |       ||     5
       Petrifying        |       |     1 |       ||     1
       Paralysed         |       |       |     1 ||     1
       Petrified         |       |       |     9 ||     9
       Distracted        |       |       |     2 ||     2
Armor: Robe              |     2 |       |       ||     2
       Chain mail        |    38 |    61 |   150 ||   249
Dodge: Dodged            |    35 |    18 |   113 ||   166
